 Dungeon Crawl Stone Soup version 0.28.0-49-g6dfe1f597d (webtiles) character file.

Game seed: 1378148274850916976

350 issech the Caller (level 6, 0/47 HPs)
             Began as a Gnoll Wanderer on May 17, 2022.
             Killed by nerve-wracking pain
             ... invoked by Menkaure
              (7 damage)
             ... on level 5 of the Dungeon.
             The game lasted 00:20:57 (4414 turns).

issech the Caller (Gnoll Wanderer)                  Turns: 4414, Time: 00:20:59

Health: 0/47       AC: 15    Str:  8    XL:     6   Next: 60%
Magic:  11/11      EV: 11    Int: 13    God:
Gold:   210        SH:  0    Dex: 15    Spells: 7/12 levels left

rFire   . . .      SeeInvis .   z - +0 halberd (protect)
rCold   . . .      Faith    +   (shield currently unavailable)
rNeg    + . .      Spirit   .   x - +4 Cigotuvi's embrace {rMiasma Drain rN+}
rPois   .          Reflect  .   (no helmet)
rElec   .          Harm     .   (no cloak)
rCorr   .          Rampage  .   c - +0 pair of gloves
Will    .....                   (no boots)
Stlth   +++.......              t - amulet of faith
HPRegen 0.15/turn               (no ring)
MPRegen 0.12/turn               (no ring)

@: under a protective aura
A: fangs 1, strong nose, distributed training
a: no special abilities


You were on level 5 of the Dungeon.
You visited 1 branch of the dungeon, and saw 5 of its levels.

You collected 210 gold pieces.

Inventory:

Hand Weapons
 a - a +0 dagger
 e - a +1 whip of venom
 g - a +0 mace
 j - a +0 hunting sling
 p - a +2 whip of venom
 z - a +0 halberd of protection (weapon)
Missiles
 d - 107 stones
 m - 22 bolts
 n - 21 sling bullets
 v - 61 arrows
 y - a curare-tipped dart
Armour
 b - a +0 robe
 c - a +0 pair of gloves (worn)
 x - the +4 Cigotuvi's embrace (worn) {rMiasma Drain rN+}
   (You took it off a kobold on level 3 of the Dungeon)

   It gathers nearby corpses to temporarily increase the armour it provides.
   It protects you from foul pestilence.
   rN:        It protects you from negative energy.
   Drain:     It drains your maximum health when unequipped.
Magical Staves
 q - a staff of fire
Jewellery
 t - an amulet of faith (around neck)
Wands
 w - a wand of polymorph (14)
Scrolls
 f - a scroll of fear {unknown}
 h - 3 scrolls of fog {unknown}
 i - 2 scrolls of enchant armour {unknown}
 o - 5 scrolls of identify {unknown}
 r - a scroll of immolation {unknown}
 s - 2 scrolls of teleportation {unknown}
Potions
 k - a potion of ambrosia {unknown}
 l - a potion of heal wounds {unknown}
 u - a potion of curing {unknown}


   Skills:
 + Level 3.3 Fighting
 + Level 2.0 Short Blades
 + Level 2.0 Long Blades
 + Level 2.0 Axes
 + Level 2.0 Maces & Flails
 + Level 2.0 Polearms
 + Level 2.0 Staves
 + Level 2.0 Slings
 + Level 2.0 Bows
 + Level 2.0 Crossbows
 + Level 2.0 Throwing
 + Level 2.0 Armour
 + Level 2.0 Dodging
 + Level 4.6 Stealth
 + Level 2.0 Shields
 + Level 2.0 Unarmed Combat
 + Level 3.5 Spellcasting
 + Level 1.6 Conjurations
 + Level 1.6 Hexes
 + Level 7.3 Summonings
 + Level 1.6 Necromancy
 + Level 1.6 Translocations
 + Level 1.6 Transmutations
 + Level 2.7 Fire Magic
 + Level 1.6 Ice Magic
 + Level 1.6 Air Magic
 + Level 1.6 Earth Magic
 + Level 1.6 Poison Magic
 + Level 2.2 Invocations
 + Level 3.3 Evocations


You had 7 spell levels left.
You knew the following spells:

 Your Spells              Type           Power      Damage    Failure   Level
a - Summon Small Mammal   Summ           84%        N/A       1%          1
b - Foxfire               Conj/Fire      28%        2x1d5     13%         1
c - Call Canine Familiar  Summ           21%        N/A       4%          3

Your spell library contained the following spells:

 Spells                   Type           Power      Damage    Failure   Level
 Apportation              Tloc           12%        N/A       16%         1
 Conjure Flame            Conj/Fire      7%         6-21      36%         3
 Summon Ice Beast         Ice/Summ       13%        N/A       43%         4
 Alistair's Intoxication  Tmut/Pois      4%         N/A       99%         5


Dungeon Overview and Level Annotations

Branches:
Dungeon (5/15)
 Temple: D:4-7

Altars:
Elyvilon
Vehumet

Shops:
D:1 !

Annotations:
D:5 Menkaure


Innate Abilities, Weirdness & Mutations

You have very sharp teeth.
Your uncanny sense of smell can sniff out nearby items.
Your experience applies equally to all skills.


Message History

Menkaure closely misses you.
You barely miss Menkaure.
Menkaure is moderately damaged.
Menkaure hits you but does no damage.
You barely miss Menkaure.
Menkaure is moderately damaged.
Menkaure calls on the powers of darkness!
Your body is wracked with pain!
You barely miss Menkaure.
Menkaure is lightly damaged.
Menkaure casts a spell at you. Pain shoots through your body!
You hit Menkaure but do no damage.
Your weapon exudes an aura of protection.
You bite Menkaure.
Menkaure is moderately damaged.
Menkaure gestures at you while chanting.
Pain shoots through your body!
You hit Menkaure but do no damage. You bite Menkaure, but do no damage.
Menkaure is moderately damaged.
Menkaure barely misses you.
You barely miss Menkaure.
Menkaure is moderately damaged.
Menkaure mumbles some strange words.
Menkaure seems to speed up.
You puncture Menkaure!
Menkaure is severely damaged.
Menkaure hits you!
* * * LOW HITPOINT WARNING * * *
Menkaure calls on the powers of darkness!
Your body is wracked with pain!
* * * LOW HITPOINT WARNING * * *
You hit Menkaure.
Menkaure is almost destroyed.
Menkaure points at you and mumbles some strange words.
Pain shoots through your body!
* * * LOW HITPOINT WARNING * * *
Menkaure casts a spell at you. Pain shoots through your body!
You die...

∆ . #..####
#......###
#.....@.#
#......M.......
...............
....########...
.## ##


You could see Menkaure (fast).

Vanquished Creatures
  A kobold brigand (D:4)
  A water moccasin skeleton (D:3)
  A jelly (D:4)
  A hound (D:4)
  A hound skeleton (D:3)
  An adder (D:2)
  7 gnolls
  A worm (D:3)
  2 dart slugs (D:2)
  4 endoplasms
  3 giant cockroaches
  4 goblins
  5 hobgoblins
  3 jackals (D:1)
  4 kobolds
  4 quokkas
  9 ball pythons
  5 bats
  3 frilled lizards (D:1)
  3 rats
63 creatures vanquished.

Vanquished Creatures (collateral kills)
  A gnoll (D:2)
  A giant cockroach (D:3)
  A goblin (D:3)
  A quokka (D:4)
  3 foxfires (D:1)
7 creatures vanquished.

Vanquished Creatures (others)
  A demonic plant (D:3)
  85 foxfires
  3 plants (D:1)
89 creatures vanquished.

Grand Total: 159 creatures vanquished

Notes
Turn   | Place    | Note
-------+----------+-------------------------------------------
     0 | D:1      | issech the Gnoll Wanderer began the quest for the Orb.
     0 | D:1      | issech set off with the following items: a +0 dagger, a +0
                  | robe, a +0 pair of gloves; and the following spells
                  | available to memorise: Summon Small Mammal, Call Canine
                  | Familiar, Foxfire, Conjure Flame, Summon Ice Beast
     0 | D:1      | Reached XP level 1. HP: 17/17 MP: 4/4
     2 | D:1      | Learned a level 1 spell: Summon Small Mammal
     4 | D:1      | Learned a level 1 spell: Foxfire
   500 | D:1      | Reached XP level 2. HP: 20/23 MP: 5/5
   707 | D:1      | Found Xomilil's Distillery.
  1363 | D:1      | Reached XP level 3. HP: 28/28 MP: 7/7
  1447 | D:2      | You fall into a shaft and drop 2 floors!
  1456 | D:4      | Found a white marble altar of Elyvilon.
  1512 | D:4      | Reached skill level 1 in Short Blades
  1512 | D:4      | Reached skill level 1 in Long Blades
  1512 | D:4      | Reached skill level 1 in Axes
  1512 | D:4      | Reached skill level 1 in Maces & Flails
  1512 | D:4      | Reached skill level 1 in Polearms
  1512 | D:4      | Reached skill level 1 in Staves
  1512 | D:4      | Reached skill level 1 in Slings
  1512 | D:4      | Reached skill level 1 in Bows
  1512 | D:4      | Reached skill level 1 in Crossbows
  1512 | D:4      | Reached skill level 1 in Throwing
  1512 | D:4      | Reached skill level 1 in Armour
  1512 | D:4      | Reached skill level 1 in Dodging
  1512 | D:4      | Reached skill level 1 in Shields
  1512 | D:4      | Reached skill level 1 in Unarmed Combat
  1512 | D:4      | Reached skill level 1 in Invocations
  1512 | D:4      | Reached XP level 4. HP: 34/34 MP: 3/8
  1819 | D:2      | Found a radiant altar of Vehumet.
  2208 | D:2      | Reached skill level 1 in Conjurations
  2208 | D:2      | Reached skill level 1 in Hexes
  2208 | D:2      | Reached skill level 1 in Necromancy
  2208 | D:2      | Reached skill level 1 in Translocations
  2208 | D:2      | Reached skill level 1 in Transmutations
  2208 | D:2      | Reached skill level 1 in Ice Magic
  2208 | D:2      | Reached skill level 1 in Air Magic
  2208 | D:2      | Reached skill level 1 in Earth Magic
  2208 | D:2      | Reached skill level 1 in Poison Magic
  2253 | D:2      | Reached XP level 5. HP: 21/40 MP: 2/9
  3124 | D:3      | Learned a level 3 spell: Call Canine Familiar
  3391 | D:3      | Found a faded altar of an unknown god.
  3577 | D:4      | Noticed a kobold brigand
  3598 | D:4      | Killed a kobold brigand
  3599 | D:4      | Reached XP level 6. HP: 15/47 MP: 6/11
  4396 | D:5      | Entered Level 5 of the Dungeon
  4396 | D:5      | Noticed Menkaure
  4414 | D:5      | Killed from afar by Menkaure

Illustrated notes

Levels and vault maps discovered:
D:1:      dpeg_arrival_water_temple_mockup, layout_basic, serial_shops, shop,
          serial_bayou_pond_a, serial_bayou_lake_a
D:2:      layout_rooms, basic_altar, small_statue_intersection,
          kennysheep_generic_room_9
D:3:      layout_loops_cross, dreamdust_ecumenical_altar_sealed_demon,
          chequers_serial_rivers_large_a
D:4:      layout_rooms, lemuel_tele_altar
D:5:      layout_layer_cave, minmay_temple_entry_sparse_star, uniq_menkaure

Skill      XL: |  1  2  3  4  5  6 |
---------------+-------------------+-----
Fire Magic     | 2 |  2.7
Short Blades   | 1 2 |  2.0
Long Blades    | 1 2 |  2.0
Axes           | 1 2 |  2.0
Maces & Flails | 1 2 |  2.0
Polearms       | 1 2 |  2.0
Staves         | 1 2 |  2.0
Slings         | 1 2 |  2.0
Bows           | 1 2 |  2.0
Crossbows      | 1 2 |  2.0
Throwing       | 1 2 |  2.0
Armour         | 1 2 |  2.0
Dodging        | 1 2 |  2.0
Shields        | 1 2 |  2.0
Unarmed Combat | 1 2 |  2.0
Invocations    | 1 2 |  2.2
Spellcasting   | 3 |  3.5
Conjurations   | 1 |  1.6
Hexes          | 1 |  1.6
Necromancy     | 1 |  1.6
Translocations | 1 |  1.6
Transmutations | 1 |  1.6
Ice Magic      | 1 |  1.6
Air Magic      | 1 |  1.6
Earth Magic    | 1 |  1.6
Poison Magic   | 1 |  1.6
Fighting       | 3 |  3.3
Evocations     | 3 |  3.3
Stealth        | |  4.6
Summonings     | |  7.3

Action                   |  1- 3 |  4- 6 || total
-------------------------+-------+-------++-------
Melee: Whip              |    59 |   118 ||   177
       Bite              |     7 |    21 ||    28
       Punch             |     1 |       ||     1
       Unarmed           |       |     3 ||     3
       Halberd           |       |     9 ||     9
Throw: Stone             |    18 |       ||    18
 Cast: Foxfire           |    19 |    38 ||    57
       Summon Small Mamm |       |     2 ||     2
       Call Canine Famil |       |     2 ||     2
 Stab: Sleeping          |     2 |     8 ||    10
Armor: Robe              |    18 |    10 ||    28
       Leather armour    |       |    26 ||    26
Dodge: Dodged            |    32 |    80 ||   112
